 Dungeon Crawl Stone Soup version 0.30-a0-1075-gcd70e7a56d (webtiles) character file.

Game seed: 9624378300013562132

1401 LustLizard the Chiller (level 8, -7/54 (66) HPs)
             Began as a Demigod Ice Elementalist on Apr 14, 2023.
             Mangled by Edmund
             ... wielding a +1 flail of draining
              (12 damage)
             ... on level 6 of the Dungeon.
             The game lasted 00:12:57 (5242 turns).

LustLizard the Chiller (Demigod Ice Elementalist)   Turns: 5242, Time: 00:12:58

HP:   -7/54 (66)    AC: 13    Str: 22    XL:     8   Next: 18%
MP:   6/18          EV: 10    Int: 17    God:
Gold: 139           SH:  0    Dex: 14    Spells: 5/15 levels left

rFire   . . .      SeeInvis .    o - +6 hand axe "Demonbane" {holy, Str+5}
rCold   + . .      Faith    .    (no shield)
rNeg    . . .      Spirit   .    w - +0 scale mail
rPois   .          Reflect  .    D - +1 helmet
rElec   .          Rampage  .    H - +1 cloak
rCorr   .                        (no gloves)
Will    .....                    d - +0 pair of boots
Stlth   +                        (no amulet)
HPRegen 0.29/turn                q - ring of protection from cold
MPRegen 0.16/turn                (no ring)

@: ice-armoured, very slightly contaminated, slowed, heavily drained, very slow
A: high MP 1, forlorn, divine attributes
a: no special abilities


You were on level 6 of the Dungeon.
You visited 1 branch of the dungeon, and saw 6 of its levels.
You also visited: Ossuary.

You collected 139 gold pieces.

Inventory:

Hand Weapons
 o - the +6 hand axe "Demonbane" (weapon) {holy, Str+5}
   (You found it on level 2 of the Dungeon)

   Str:       It affects your strength (+5).
 u - the +7 quarterstaff "Uzukh" {freeze, rElec rPois Will- Int+5}
   (You found it on level 4 of the Dungeon)

   Int:       It affects your intelligence (+5).
   rElec:     It insulates you from electricity.
   rPois:     It protects you from poison.
   Will:      It decreases your willpower.
Missiles
 v - a throwing net
Armour
 d - a +0 pair of boots (worn)
 j - a +0 leather armour
 w - a +0 scale mail (worn)
 D - a +1 helmet (worn)
 G - the +0 robe of Servitude {+Inv rF+ Dex-4}
   (You found it on level 5 of the Dungeon)

   Dex:       It affects your dexterity (-4).
   rF:        It protects you from fire.
   +Inv:      It lets you turn invisible.
 H - a +1 cloak (worn)
Magical Staves
 l - a staff of air
Jewellery
 q - a ring of protection from cold (left hand)
Wands
 y - a wand of flame (18)
Scrolls
 e - 2 scrolls of fog {unknown}
 g - 2 scrolls of brand weapon {unknown}
 i - a scroll of vulnerability {unknown}
 n - a scroll of magic mapping {unknown}
 p - a scroll of amnesia {unknown}
 r - a scroll of immolation {unknown}
 s - 2 scrolls of noise {unknown}
 t - a scroll of fear {unknown}
 x - 2 scrolls of poison {unknown}
 A - 2 scrolls of acquirement {unknown}
 F - a scroll of teleportation {unknown}
Potions
 a - a potion of lignification {unknown}
 b - a potion of magic
 c - 3 potions of curing
 f - a potion of berserk rage
 h - 3 potions of brilliance
 k - 8 potions of heal wounds
 m - 4 potions of invisibility
 z - 2 potions of ambrosia {unknown}
 B - a potion of flight {unknown}
 C - a potion of cancellation {unknown}
 E - a potion of might {unknown}


   Skills:
 + Level 3.9 Fighting
 - Level 1.7 Dodging
 - Level 4.0 Stealth
 + Level 4.3 Spellcasting
 * Level 2.3 Hexes
 * Level 6.9 Ice Magic


You had 5 spell levels left.
You knew the following spells:

 Your Spells              Type           Power      Damage    Failure   Level
a - Freeze                Ice            100%       1d10      2%          1
b - Frozen Ramparts       Ice            54%        1d9       8%          3
c - Tukima's Dance        Hex            11%        N/A       43%         3
d - Ozocubu's Armour      Ice            27%        N/A       8%          3

Your spell library contained the following spells:

 Spells                   Type           Power      Damage    Failure   Level
 Slow                     Hex            44%        N/A       16%         1
 Confusing Touch          Hex            11%        N/A       43%         3
 Summon Ice Beast         Ice/Summ       15%        N/A       69%         4
 Vampiric Draining        Necr           3%         2d6       77%         3
 Cause Fear               Hex            5%         N/A       85%         4
 Metabolic Englaciation   Hex/Ice        9%         N/A       86%         5
 Leda's Liquefaction      Hex/Erth       3%         N/A       95%         4


Dungeon Overview and Level Annotations

Branches:
Dungeon (6/15)             Temple (0/1) D:5         Ossuary (visited)

Shops:
D:4 [   D:5 [

Annotations:
D:4 Sigmund
D:5 2 transporters, Esekla's ghost, weakling OpDe
D:6 Edmund


Innate Abilities, Weirdness & Mutations

You have an increased reservoir of magic. (+10% MP)
You shall have no god before yourself.
Your divine heritage dramatically boosts your attributes as you level up.


Message History

Edmund hits you with a +1 flail of draining!
You feel drained.
Casting: Freeze (safe; 2% risk of failure)
Confirm with . or Enter, or press ? or * to list all spells.
Aiming: Freeze (safe; 2% risk of failure)
Press: ? - help, Shift-Dir - straight line, f/p - Edmund
Aim: Edmund, wielding a +1 flail of draining and wearing a +0 ring mail (moderately wounded, berserk)
You freeze Edmund.
Edmund is moderately wounded.
The wall freezes Edmund.
Edmund hits you with a +1 flail of draining!
You feel drained.
The wall freezes Edmund.
Edmund hits you with a +1 flail of draining!
* * * LOW HITPOINT WARNING * * *
You feel drained.
* * * LOW HITPOINT WARNING * * *
Casting: Freeze (safe; 2% risk of failure)
Confirm with . or Enter, or press ? or * to list all spells.
Aiming: Freeze (safe; 2% risk of failure)
Press: ? - help, Shift-Dir - straight line, f/p - Edmund
Aim: Edmund, wielding a +1 flail of draining and wearing a +0 ring mail (moderately wounded, berserk)
You freeze Edmund.
Edmund is heavily wounded.
The wall freezes Edmund but does no damage.
Edmund hits you with a +1 flail of draining.
* * * LOW HITPOINT WARNING * * *
You feel drained.
* * * LOW HITPOINT WARNING * * *
The wall freezes Edmund.
Edmund closely misses you.
Unknown command.
Casting: Freeze (safe; 2% risk of failure)
Confirm with . or Enter, or press ? or * to list all spells.
Aiming: Freeze (safe; 2% risk of failure)
Press: ? - help, Shift-Dir - straight line, f/p - Edmund
Aim: Edmund, wielding a +1 flail of draining and wearing a +0 ring mail (heavily wounded, berserk)
You freeze Edmund.
Edmund is heavily wounded.
The frozen ramparts melt away.
Edmund hits you with a +1 flail of draining!
You die...

## #. #
#.######.#
#........#.#
#..>........
#...<..#
#.#.##.#
#......#
#.###@####.#
#....@.....#
#####.######
#..# #....
#......
#...@...#
.....####
.?....


You could see Edmund (berserk).

Vanquished Creatures
  Pikel (D:4)
  2 black bears
  Blork the orc (D:4)
  3 elf zombies (Ossuary)
  A scorpion (D:5)
  A jelly (D:5)
  2 centaur zombies (Ossuary)
  A human zombie (Ossuary)
  An orc priest (D:4)
  Crazy Yiuf (D:5)
  A sleepcap (D:5)
  Ijyb (D:5)
  An iguana (D:5)
  An orc wizard (D:4)
  2 mummies (Ossuary)
  Robin (D:4)
  4 adders
  2 adder zombies (Ossuary)
  A dart slug (D:2)
  4 orcs
  2 ball pythons (D:1)
  8 endoplasms
  3 giant cockroaches
  14 goblins
  4 hobgoblins
  3 jackals (D:3)
  4 kobolds
  7 quokkas
  4 bats
  2 frilled lizards
  6 hobgoblin zombies (Ossuary)
  11 kobold zombies (Ossuary)
  7 orc zombies (Ossuary)
  4 rats
  2 rat zombies (Ossuary)
113 creatures vanquished.

Notes
Turn   | Place    | Note
-------+----------+-------------------------------------------
     0 | D:1      | LustLizard the Demigod Ice Elementalist began the quest for
                  | the Orb.
     0 | D:1      | Reached XP level 1. HP: 14/14 MP: 5/5
   177 | D:1      | Reached XP level 2. HP: 21/22 MP: 5/7
   922 | D:1      | Reached skill level 4 in Ice Magic
  1241 | D:2      | Identified the +6 hand axe "Demonbane" {holy, Str+5}
  1252 | D:2      | Reached skill level 1 in Fighting
  1252 | D:2      | Reached XP level 3. HP: 28/28 MP: 5/8
  1520 | D:2      | Learned a level 3 spell: Frozen Ramparts
  2432 | D:4      | Identified the +7 quarterstaff "Uzukh" {freeze, rElec rPois
                  | Will- Int+5}
  2437 | D:4      | Got Sif Muna's Enchiridion on Glaciation and Ill Luck
  2495 | D:4      | Noticed Robin
  2498 | D:4      | Reached XP level 4. HP: 35/35 MP: 6/10
  2502 | D:4      | Killed Robin
  2629 | D:4      | Found Ackidet's Armour Shoppe.
  2664 | D:4      | Noticed a black bear
  2685 | D:4      | Noticed a lemure
  2688 | D:4      | Found a sand-covered staircase.
  2703 | Ossuary  | Entered an ossuary
  2769 | Ossuary  | HP: 1/35 [mummy (18)]
  2867 | Ossuary  | Reached XP level 5. HP: 31/41 MP: 11/11
  2907 | Ossuary  | Reached skill level 5 in Ice Magic
  2909 | Ossuary  | Reached XP level 6. HP: 25/48 MP: 13/13
  3233 | D:4      | Noticed Blork the orc
  3252 | D:4      | Killed Blork the orc
  3318 | D:4      | Noticed Pikel
  3329 | D:4      | Killed Pikel
  3330 | D:4      | Reached skill level 6 in Ice Magic
  3330 | D:4      | Reached XP level 7. HP: 44/57 MP: 6/16
  3377 | D:4      | Learned a level 3 spell: Tukima's Dance
  3591 | D:4      | Learned a level 3 spell: Ozocubu's Armour
  3711 | D:4      | Noticed Sigmund
  3825 | D:4      | Reached skill level 1 in Hexes
  4146 | D:5      | Entered Level 5 of the Dungeon
  4172 | D:5      | Found Peth's Antique Armour Boutique.
  4173 | D:5      | Noticed Ijyb
  4178 | D:5      | Killed Ijyb
  4265 | D:5      | Reached XP level 8. HP: 50/66 MP: 11/17
  4365 | D:5      | Found a staircase to the Ecumenical Temple.
  4535 | D:5      | Found a runed translucent door.
  4536 | D:5      | Noticed Crazy Yiuf
  4658 | D:5      | Found a transporter.
  4662 | D:5      | Found a transporter.
  4662 | D:5      | Noticed Esekla's ghost (weakling OpDe)
  4978 | D:5      | Identified the +0 robe of Servitude {+Inv rF+ Dex-4}
  5123 | D:5      | Killed Crazy Yiuf
  5230 | D:6      | Noticed Edmund
  5242 | D:6      | Mangled by Edmund

Illustrated notes

Levels and vault maps discovered:
D:1:      dpeg_arrival_shrine, layout_loops_ring, st_stairs_10,
          grunt_decor_junction
D:2:      layout_rooms
D:3:      layout_basic, nemelex_spade_bored_becter,
          nicolae_ecumenical_lake_church, minivault_25, guppyfry_early_lair_pool
D:4:      layout_basic, ashenzari_altar_1, serial_shops, nicolae_stop_n_shop_1,
          lightli_ossuary_entry_decrepit_ruins, hangedman_decor_clover_reticule,
          minmay_large_rounded_square, uniq_blork_the_orc, uniq_sigmund,
          uniq_pikel, uniq_robin
D:5:      layout_loops_cross, temple_pool_b, serial_shops,
          nicolae_lakefront_shop, gammafunk_ghost_arena,
          nicolae_elevator_lobby_asterisk, uniq_crazy_yiuf_cottage, uniq_ijyb
D:6:      layout_basic, fedhas_altar_1, minmay_fountain_box,
          minmay_misc_feat_more_columns, minmay_joined_circles, uniq_edmund,
          uniq_duvessa, uniq_grinder

Skill      XL: |  1  2  3  4  5  6  7  8 |
---------------+-------------------------+-----
Stealth        | 2 3 4 |  4.0
Spellcasting   | 2 4 |  4.3
Ice Magic      | 4 5 6 |  6.9
Fighting       | 1 2 3 |  3.9
Hexes          | 1 2 |  2.3
Dodging        | |  1.7

Action                     |  1- 3 |  4- 6 |  7- 9 || total
---------------------------+-------+-------+-------++-------
  Melee: Short sword       |     4 |       |       ||     4
         Hand axe          |    10 |    94 |     9 ||   113
         Punch             |       |     1 |       ||     1
   Cast: Freeze            |    72 |    10 |    31 ||   113
         Frozen Ramparts   |     1 |     2 |    10 ||    13
         Ozocubu's Armour  |       |       |     3 ||     3
    Use: Scroll            |     3 |     1 |       ||     4
         Potion            |       |     1 |       ||     1
   Stab: Sleeping          |       |     2 |       ||     2
         Distracted        |       |       |     1 ||     1
 Armour: Robe              |     4 |       |       ||     4
         Leather armour    |    19 |    25 |     2 ||    46
         Scale mail        |       |       |     8 ||     8
  Dodge: Dodged            |    33 |    53 |    17 ||   103

Table legend: (Time is in decaauts)
 A = Elapsed time spent in this place.
 B = Non-inter-level travel time spent in this place.
 C = Inter-level travel time spent in this place.
 D = Time resting spent in this place.
 E = Time spent auto-exploring this place.
 F = Levels seen in this place.
 G = Mean time per level.
                   A        B        C        D        E       F      G
               +--------+--------+--------+--------+--------+-----+--------+
         Total |   5275 |   5104 |    171 |    197 |   3724 |   7 |  753.6 |
       Dungeon |   4765 |   4594 |    171 |    197 |   3512 |   6 |  794.2 |
       Ossuary |    510 |    510 |      0 |      0 |    212 |   1 |  510.0 |
               +--------+--------+--------+--------+--------+-----+--------+

Top non-repeatable levels by time:
     D:4: 1254 daAuts
     D:5: 1077 daAuts
     D:1: 1057 daAuts
     D:3: 827 daAuts
     D:2: 528 daAuts
 Ossuary: 510 daAuts
     D:6: 19 daAuts
